AoeStats
← JamesNewstedd

Hideout

509147039Analyzed
1v1 RM · 6d ago on Sep 25, 2026· 37m 4s· 2 players
Game mode
Random Map
Map size
Tiny (2 player)
Population
200
Speed
Normal
Resources
Standard
Victory
Conquest
Starting age
Dark Age
Ending age
Imperial Age
RankedLock teamsTeams togetherTeam positionsShared explorationLock speedFull tech treeHidden civsTurbo modeCheats
Victory
Defeat
🇹🇼 Lithuanians · Taiwan
1940
+11
🇩🇪 Portuguese · Germany
1822
-11
JamesNewstedd
6:29 Loom
8:48 Feudal Age
8:55 Man-at-Arms
10:14 Double-Bit Axe
10:16 Horse Collar
10:40 Arson
15:27 Wheelbarrow
20:47 Castle Age
20:54 Gold Mining
20:56 Stone Mining
21:48 Bow Saw
26:09 Hand Cart
31:07 Stone Shaft Mining
33:17 Imperial Age
32:03 Pikeman
33:09 Scale Mail Armor
33:25 Forging
33:16 Heavy Plow
34:10 Halberdier
35:50 Chain Mail Armor
36:11 Iron Casting
37:50 Two-Man Saw
37:41 Plate Mail Armor
38:11 Blast Furnace
[LuB]myqbox
10:35 Feudal Age
10:33 Loom
14:55 Castle Age
12:58 Horse Collar
13:59 Double-Bit Axe
15:53 Bow Saw
21:59 Fervor
22:23 Gold Mining
24:07 Wheelbarrow
23:41 Town Watch
25:27 Hand Cart
29:22 Imperial Age
27:41 Scale Barding Armor
27:47 Forging
27:38 Light Cavalry
29:43 Winged Hussar
30:34 Bloodlines
30:27 Husbandry
30:44 Guilds
30:48 Heavy Plow
30:51 Stone Mining
32:09 Chemistry
30:50 Treadmill Crane
31:21 Masonry
32:57 Chain Barding Armor
33:32 Stone Shaft Mining
33:09 Cavalier
34:41 Plate Barding Armor
34:15 Devotion
35:32 Iron Casting
35:54 Conscription
36:55 Padded Archer Armor
36:32 Onager
36:35 Paladin
Connection lost

Rejoining the realm…

Still unreachable

The connection could not be restored.

Session expired

The server has moved on; the page needs a fresh start.